 Dungeon Crawl Stone Soup version 0.29-a0-506-ga2e7fffb44 (webtiles) character file.

Game seed: 12769312942977218395

35 Sabo the Skirmisher (level 3, -4/24 HPs)
             Began as a Gargoyle Monk on May 28, 2022.
             Was a Priest of Elyvilon.
             Killed by nerve-wracking pain
             ... invoked by an orc priest
              (7 damage)
             ... on level 2 of the Dungeon.
             The game lasted 00:07:42 (1966 turns).

Sabo the Skirmisher (Gargoyle Monk)                 Turns: 1966, Time: 00:07:43

Health: -4/24      AC: 12    Str: 16    XL:     3   Next: 35%
Magic:  3/3        EV:  7    Int: 10    God:    Elyvilon [***...]
Gold:   103        SH:  0    Dex: 12    Spells: 2/2 levels left

rFire   . . .      SeeInvis .   a - +0 mace
rCold   . . .      Faith    .   (no shield)
rNeg    + . .      Spirit   .   g - +0 chain mail
rPois   ∞          Reflect  .   (no helmet)
rElec   +          Harm     .   j - +0 cloak
rCorr   .          Rampage  .   (no gloves)
Will    .....                   (no boots)
Stlth   ..........              (no amulet)
HPRegen 0.08/turn               (no ring)
MPRegen 0.08/turn               (no ring)

@: no status effects
A: sickness immunity, AC +3, negative energy resistance 1, electricity
resistance, torment resistance 1, petrification resistance
a: Renounce Religion, Purification, Heal Other, Heal Self


You were on level 2 of the Dungeon.
You worshipped Elyvilon.
Elyvilon was most pleased with you.
You visited 1 branch of the dungeon, and saw 2 of its levels.

You collected 103 gold pieces.

Inventory:

Hand Weapons
 a - a +0 mace (weapon)
Armour
 g - a +0 chain mail (worn)
 j - a +0 cloak (worn)
Scrolls
 d - a scroll of immolation {unknown}
 h - a scroll of poison
 i - a scroll of magic mapping
Potions
 b - a potion of invisibility {unknown}
 c - a potion of ambrosia
 e - 3 potions of curing {unknown}


   Skills:
 + Level 3.7 Fighting
 + Level 3.5 Maces & Flails
 + Level 1.1 Armour
 + Level 2.7 Dodging
 + Level 2.1 Stealth


You had 2 spell levels left.
You didn't know any spells.
Your spell library contained the following spells:

 Spells                   Type           Power      Damage    Failure   Level
 Static Discharge         Conj/Air       0%         N/A       100%        2
 Ignite Poison            Fire/Tmut/Pois 0%         N/A       100%        3
 Mephitic Cloud           Conj/Pois/Air  0%         N/A       100%        3
 Freezing Cloud           Conj/Ice/Air   0%         6-21      100%        5
 Lee's Rapid Deconstruct  Erth           0%         3d5*      100%        5
 Starburst                Conj/Fire      0%         6d3       100%        6
 Orb of Destruction       Conj           0%         9d5       100%        7


Dungeon Overview and Level Annotations

Branches:
Dungeon (2/15)

Altars:
Elyvilon
Kikubaaqudgha


Innate Abilities, Weirdness & Mutations

You are immune to sickness and miasma.
Your stone body is resilient. (AC +3)
You are immune to poison.
You resist negative energy. (rN+)
You are resistant to electric shocks. (rElec)
You are resistant to unholy torment.
You are immune to petrification.


Message History

You hit the orc.
The orc is heavily wounded.
The orc hits you but does no damage. x2
You barely miss the orc.
The orc is heavily wounded.
The orc hits you but does no damage. x2
You hit the orc.
You kill the orc!
The orc priest calls down the wrath of Beogh upon you.
Pain shoots through your body! The orc hits you but does no damage.
Your Armour skill increases to level 1!
The orc barely misses you. The orc priest closely misses you.
Items here: ))) [ †.
You barely miss the orc. The orc barely misses you.
The orc priest mumbles some strange prayers to Beogh against you.
Beogh smites you!
Ouch! That really hurt!
* * * LOW HITPOINT WARNING * * *
The orc priest mumbles some strange prayers to Beogh against you.
Beogh smites you! Elyvilon protects you from harm! The orc barely misses you.
You hit the orc priest but do no damage.
The orc barely misses you.
The orc priest hits you but does no damage.
You hit the orc priest.
The orc priest is lightly wounded.
The orc hits you but does no damage.
The orc priest hits you but does no damage.
You hit the orc priest.
The orc priest is moderately wounded.
The orc barely misses you.
The orc priest hits you but does no damage.
The orc closely misses you.
The orc priest begins to cast a cantrip, but forgets the words!
You hit the orc priest.
The orc priest is moderately wounded.
The orc priest mumbles some strange prayers to Beogh against you.
Pain shoots through your body!
You die...

#######################
#....oo##......#....#..
#@.##.....#.#.†#..
##..##..#.#.#....#
##..##)#...#.#..#
##....#.....#...
##.###.....#### #.#
#.##### #.....# ####.##
..


You could see an orc priest and an orc.

Vanquished Creatures
  2 orcs (D:2)
  3 goblins
  6 hobgoblins
  3 kobolds
  3 quokkas (D:2)
  2 ball pythons
  8 bats
  A frilled lizard (D:1)
  4 rats
32 creatures vanquished.

Notes
Turn   | Place    | Note
-------+----------+-------------------------------------------
     0 | D:1      | Sabo the Gargoyle Monk began the quest for the Orb.
     0 | D:1      | Reached XP level 1. HP: 14/14 MP: 1/1
   279 | D:1      | Found a faded altar of an unknown god.
   293 | D:1      | Prayed at the altar of an unknown god.
   293 | D:1      | Became a worshipper of Elyvilon the Healer
   293 | D:1      | Reached * piety under Elyvilon
   293 | D:1      | Reached ** piety under Elyvilon
   402 | D:1      | Got Lehudib's Papyrus of Attacks and the Mountains
   515 | D:1      | Reached XP level 2. HP: 6/19 MP: 2/2
   864 | D:1      | Reached *** piety under Elyvilon
  1261 | D:2      | Found an ancient bone altar of Kikubaaqudgha.
  1707 | D:2      | Reached XP level 3. HP: 14/23 MP: 3/3
  1961 | D:2      | Reached skill level 1 in Armour
  1962 | D:2      | Elyvilon protects you from harm!
  1966 | D:2      | Killed from afar by an orc priest

Illustrated notes

Levels and vault maps discovered:
D:1:      lightli_arrival_boilingwater, layout_loops_ring,
          shapermc_ecumenical_altar_totnotflames
D:2:      minmay_thinvault, layout_loops_ring, basic_altar

Skill      XL: |  1  2  3 |
---------------+----------+-----
Armour         | 1 |  1.1
Fighting       | |  3.7
Maces & Flails | |  3.5
Dodging        | |  2.7
Stealth        | |  2.1

Action                   || total
-------------------------++-------
Melee: Mace              ||   111
       Punch             ||     1
  Use: Scroll            ||     3
Armor: Ring mail         ||    33
       Chain mail        ||    58
Dodge: Dodged            ||    79

Table legend: (Time is in decaauts)
 A = Elapsed time spent in this place.
 B = Non-inter-level travel time spent in this place.
 C = Inter-level travel time spent in this place.
 D = Time resting spent in this place.
 E = Time spent auto-exploring this place.
 F = Levels seen in this place.
 G = Mean time per level.
                   A        B        C        D        E       F      G
               +--------+--------+--------+--------+--------+-----+--------+
         Total |   1997 |   1997 |      0 |    692 |      0 |   2 |  998.5 |
       Dungeon |   1997 |   1997 |      0 |    692 |      0 |   2 |  998.5 |
               +--------+--------+--------+--------+--------+-----+--------+

Top non-repeatable levels by time:
     D:1: 1160 daAuts
     D:2: 836 daAuts
